 Dungeon Crawl Stone Soup version 0.23-a0-143-g1adec7b (webtiles) character file.

667 galech the Chopper (level 7, -13/54 HPs)
             Began as a Demonspawn Monk on Sept 3, 2018.
             Killed by divine providence
             ... invoked by an orc priest
              (15 damage)
             ... on level 4 of the Dungeon.
             The game lasted 00:04:14 (3323 turns).

galech the Chopper (Demonspawn Monk)                Turns: 3323, Time: 00:04:15

Health: -13/54     AC: 18    Str: 11    XL:     7   Next: 31%
Magic:  7/7        EV:  6    Int: 11    God:
Gold:   97         SH:  0    Dex: 18    Spells: 6/6 levels left

rFire    . . .     SeeInvis .   o - +0 broad axe
rCold    . . .     Gourm    .   (no shield)
rNeg     . . .     Faith    .   q - +0 chain mail
rPois    .         Spirit   .   (no helmet)
rElec    .         Reflect  .   g - +2 cloak
rCorr    .         Harm     .   (no gloves)
MR       .....                  (no boots)
Stlth    ..........             (no amulet)
HPRegen  0.18/turn              (no ring)
MPRegen  0.10/turn              (no ring)

@: sanguine armour
A: claws 1, demonic guardian 1, sanguine armour 1
a: no special abilities


You were on level 4 of the Dungeon.
You were not hungry.

You visited 1 branch of the dungeon, and saw 4 of its levels.

You collected 97 gold pieces.

Inventory:

Hand Weapons
 o - a +0 broad axe (weapon)
Armour
 g - a +2 cloak (worn)
 q - a +0 chain mail (worn)
Wands
 p - a wand of polymorph (15)
Scrolls
 d - a scroll of fog {unknown}
 e - a scroll of remove curse
 h - a scroll of noise {unknown}
 i - a scroll of random uselessness {unknown}
 m - 2 scrolls of identify {unknown}
 n - a scroll of magic mapping {unknown}
Potions
 b - a potion of degeneration {unknown}
 f - 2 potions of curing {unknown}
 k - 2 potions of haste
 l - a potion of flight {unknown}
Comestibles
 a - 7 chunks of flesh
 c - 4 rations


   Skills:
 + Level 4.1 Fighting
 + Level 5.5 Axes
 + Level 3.2 Armour
 + Level 3.6 Dodging
 + Level 2.8 Stealth
 + Level 0.3 Unarmed Combat


You had 6 spell levels left.
You didn't know any spells.
Your spell library was empty.

Dungeon Overview and Level Annotations

Branches:
Dungeon (4/15)
 Temple: D:4-7

Altars:
Qazlal
Vehumet
Wu Jian
Zin


Innate Abilities, Weirdness & Mutations

You have sharp fingernails.
A weak demonic guardian rushes to your aid.
When seriously injured, your bleeding wounds create armour. (AC +6)


Message History

You hit the orc priest.
The orc priest is severely wounded.
The orc priest hits you but does no damage.
You hit the orc priest but do no damage.
The orc priest is severely wounded.
The orc priest hits you but does no damage.
You closely miss the orc priest.
The orc priest is severely wounded.
The orc priest hits you but does no damage.
You hit the orc priest but do no damage.
The orc priest is severely wounded.
The orc priest invokes the aid of Beogh against you.
Pain shoots through your body!
* * * LOW HITPOINT WARNING * * *
The orc priest hits you but does no damage.
Your chain mail prevents you from hitting the orc priest.
The orc priest is severely wounded.
The orc priest calls down the wrath of Beogh upon you.
Beogh smites you!
You die...

# . (### ... #.########.#
##..#
....Zoo@5..#######....
##.######5............#
........#.####........###
#...........#.# #...##.
#.####.#.##.#.# #..#.#
#.#.##.#.# #...#.
#.#.##.#.# ##<.#..
#...##.#.# ##...##.
######...###(......


You could see an orc priest, an orc, a howler monkey skeleton, a friendly iron
imp and a friendly shadow imp.

Vanquished Creatures
  Grinder (D:3)
  A phantom (D:4)
  Ijyb (D:3)
  An orc wizard (D:4)
  Terence (D:2)
  2 worker ants (D:4)
  A hound skeleton (D:4)
  4 adders
  An adder skeleton (D:3)
  3 worms
  3 dart slugs
  2 leopard geckos
  7 orcs
  4 giant cockroaches
  7 hobgoblins
  5 kobolds
  7 bats
  4 frilled lizards
  4 goblins
  8 rats
67 creatures vanquished.

Vanquished Creatures (collateral kills)
  Sigmund (D:2)
  Crazy Yiuf (D:2)
  An orc wizard (D:3)
  An orc (D:3)
4 creatures vanquished.

Grand Total: 71 creatures vanquished

Notes
Turn   | Place    | Note
-------+----------+-------------------------------------------
     0 | D:1      | galech the Demonspawn Monk began the quest for the Orb.
     0 | D:1      | Reached XP level 1. HP: 18/18 MP: 1/1
   159 | D:1      | Gained mutation: A weak demonic guardian rushes to your
                  | aid. [demonic ancestry]
   159 | D:1      | Reached XP level 2. HP: 22/24 MP: 2/2
   433 | D:1      | Reached skill level 3 in Axes
  1020 | D:2      | Reached XP level 3. HP: 29/29 MP: 3/3
  1303 | D:2      | Noticed Sigmund
  1331 | D:2      | Killed Sigmund
  1331 | D:2      | Reached skill level 4 in Axes
  1331 | D:2      | Reached skill level 1 in Armour
  1331 | D:2      | Reached XP level 4. HP: 21/35 MP: 4/4
  1331 | D:2      | Reached XP level 5. HP: 25/41 MP: 5/5
  1745 | D:2      | Found a runed door.
  1797 | D:2      | Noticed Terence
  1819 | D:2      | Killed Terence
  2104 | D:2      | Noticed Crazy Yiuf
  2109 | D:2      | Killed Crazy Yiuf
  2431 | D:3      | Gained mutation: When seriously injured, your bleeding
                  | wounds create armour. (AC +6) [demonic ancestry]
  2431 | D:3      | Reached XP level 6. HP: 48/48 MP: 6/6
  2466 | D:3      | Noticed Grinder
  2473 | D:3      | Paralysed by Grinder for 7 turns
  2483 | D:3      | Killed Grinder
  2517 | D:3      | Reached skill level 5 in Axes
  2696 | D:3      | Found a glowing silver altar of Zin.
  2799 | D:3      | Found an ornate altar of the Wu Jian Council.
  2811 | D:3      | Found a radiant altar of Vehumet.
  2816 | D:3      | Found a stormy altar of Qazlal.
  2929 | D:3      | Noticed Ijyb
  2971 | D:3      | Killed Ijyb
  3177 | D:4      | Gained mutation: You have sharp fingernails. [demonic
                  | ancestry]
  3177 | D:4      | Reached XP level 7. HP: 54/54 MP: 7/7
  3322 | D:4      | HP: 2/54 [orc priest/nerve-wracking pain (14)]
  3323 | D:4      | Killed from afar by an orc priest

Vault maps used:
D:1:      dpeg_arrival_rooms_with_view, feat_on_display
D:2:      kennysheep_generic_room_14, uniq_crazy_yiuf_cottage, uniq_sigmund,
          uniq_terence
D:3:      zin_academy, minmay_overflow_temple_star_quad, first_ration,
          uniq_grinder, uniq_ijyb
D:4:      fedhas_altar_2, hangedman_abyss_or_decor_lesser_grid

Skill      XL: |  1  2  3  4  5  6 |
---------------+-------------------+-----
Dodging        | 3 |  3.6
Axes           | 3 4 5 |  5.5
Stealth        | 2 |  2.8
Armour         | 1 2 3 |  3.2
Fighting       | 4 |  4.1
Unarmed Combat | |  0.3

Action                   |  1- 3 |  4- 6 |  7- 9 || total
-------------------------+-------+-------+-------++-------
Melee: Hand axe          |   103 |    63 |       ||   166
       Broad axe         |       |    63 |    69 ||   132
       Unarmed           |       |    29 |       ||    29
  Use: Scroll            |     1 |       |       ||     1
 Stab: Sleeping          |     3 |     3 |       ||     6
       Distracted        |     1 |       |       ||     1
  Eat: Chunk             |     1 |     6 |     1 ||     8
Armor: Robe              |     1 |       |       ||     1
       Leather armour    |    15 |       |       ||    15
       Ring mail         |    14 |    42 |       ||    56
       Chain mail        |       |    18 |    49 ||    67
Dodge: Dodged            |    54 |    77 |    11 ||   142

Table legend:
 A = Non-vault XP
 B = Vault XP
 C = Vault XP percentage of total XP
 D = Non-vault monster count
 E = Vault monster count
 F = Vault count percentage of total count
                 A         B        C        D         E       F
            +---------+---------+-------+---------+---------+-------
      Total |     432 |     522 |  54.7 |      64 |       7 |   9.9
            +---------+---------+-------+---------+---------+-------
        D:1 |      30 |       6 |  16.7 |      19 |       2 |   9.5
        D:2 |      68 |     225 |  76.8 |      17 |       3 |  15.0
        D:3 |      99 |     291 |  74.6 |      21 |       2 |   8.7
        D:4 |     235 |       0 |   0.0 |       7 |       0 |   0.0
            +---------+---------+-------+---------+---------+-------
